 Dungeon Crawl Stone Soup version 0.29.1-1-gd02db6906a (webtiles) character file.

Game seed: 11472983921961995443

2492 xian the Skirmisher (level 9, 0/69 HPs)
             Began as a Formicid Hunter on Oct 20, 2022.
             Was a Priest of Okawaru.
             Slain by a centaur
             ... wielding a +0 mace
              (2 damage)
             ... on level 7 of the Dungeon.
             The game lasted 00:15:28 (6499 turns).

xian the Skirmisher (Formicid Hunter)               Turns: 6499, Time: 00:15:29

Health: 0/69       AC:  8    Str: 19    XL:     9   Next: 81%
Magic:  9/9        EV: 12    Int: 18    God:    Okawaru [***...]
Gold:   257        SH:  0    Dex: 17    Spells: 8/8 levels left

rFire   . . .      SeeInvis +   h - +9 hammer "Vetymil" {venom, Int+8}
rCold   . . .      Faith    .   (no shield)
rNeg    . . .      Spirit   .   t - +0 acid dragon scales
rPois   .          Reflect  .   (helmet unavailable)
rElec   .          Harm     .   e - +0 cloak
rCorr   +          Rampage  .   (no gloves)
Will    .....                   (no boots)
Stlth   ++........              (no amulet)
HPRegen 0.21/turn               (no ring)
MPRegen 0.11/turn               (no ring)

@: no status effects
A: permanent stasis, dig shafts and tunnels, antennae 3, four strong arms
a: Dig, Shaft Self, Renounce Religion, Heroism


You were on level 7 of the Dungeon.
You worshipped Okawaru.
Okawaru was most pleased with you.
You visited 1 branch of the dungeon, and saw 7 of its levels.
You also visited: Ossuary.

You collected 288 gold pieces.
You spent 31 gold pieces at shops.

Inventory:

Hand Weapons
 h - the +9 hammer "Vetymil" (weapon) {venom, Int+8}
   (You found it on level 3 of the Dungeon)

   It poisons the flesh of those it strikes.
   Int:       It affects your intelligence (+8).
 l - the +2 sling "Jemo" {venom, rC+ Str+3}
   (You found it on level 4 of the Dungeon)

   Any ammunition fired from it poisons the flesh of those it strikes.
   Str:       It affects your strength (+3).
   rC:        It protects you from cold.
Missiles
 j - a throwing net
Armour
 e - a +0 cloak (worn)
 q - a +3 ring mail of positive energy
 t - +0 acid dragon scales (worn)
Scrolls
 a - 2 scrolls of magic mapping
 b - a scroll of immolation
 o - 2 scrolls of vulnerability {unknown}
 p - 4 scrolls of teleportation {unknown}
 s - 2 scrolls of identify
Potions
 c - a potion of ambrosia {unknown}
 d - 2 potions of might
 f - a potion of lignification {unknown}
 g - a potion of attraction
 i - 3 potions of flight
 m - 3 potions of heal wounds
 n - 3 potions of curing
 r - a potion of mutation {unknown}


   Skills:
 + Level 5.9 Fighting
 + Level 1.4 Maces & Flails
 + Level 11.1 Ranged Weapons
 + Level 4.0 Armour
 + Level 2.5 Dodging
 + Level 2.2 Stealth


You had 8 spell levels left.
You didn't know any spells.
Your spell library contained the following spells:

 Spells                   Type           Power      Damage    Failure   Level
 Apportation              Tloc           0%         N/A       28%         1
 Necrotise                Necr           0%         1d4       28%         1
 Passage of Golubria      Tloc           0%         N/A       95%         4
 Yara's Violent Unravell  Hex/Tmut       0%         3d3       100%        5
 Summon Small Mammal      Summ           Unusable   N/A       N/A         1
 Tukima's Dance           Hex            Unusable   N/A       N/A         3

Dungeon Overview and Level Annotations

Branches:
Dungeon (7/15)             Temple (0/1) D:6         Ossuary (visited)

Altars:
Dithmenos
Gozag
Hepliaklqana
Makhleb
Okawaru
Sif Muna
Trog
Wu Jian

Shops:
D:3 *!*((


Innate Abilities, Weirdness & Mutations

You cannot be hasted, slowed, berserked, paralysed or teleported.
You can dig through walls and to a lower floor.
You have a pair of large antennae on your head. (SInv)
Your four strong arms can wield two-handed weapons with a shield.


Message History

The centaur unwields a +0 mace.
The centaur wields a +0 shortbow.
The centaur shoots an arrow.
The arrow barely misses you.
Menkaure calls on the powers of darkness!
Your body is wracked with pain!
The centaur convulses!
The electric eel convulses!
You hear an angry hiss.
You hear a bark!
The centaur shoots an arrow.
The arrow hits you!
Menkaure calls on the powers of darkness!
Your body is wracked with pain!
* * * LOW HITPOINT WARNING * * *
The centaur convulses!
You are too injured to fight recklessly!
Fire: l) +2 sling "Jemo" {venom, rC+ Str+3}
Press: ? - help, Q - select action, (/) - cycle Shift-Dir - straight line, f/p - Menkaure
Aim: Menkaure (almost destroyed, fast, 79% to hit)
You shoot a sling bullet.
The sling bullet closely misses Menkaure.
Unknown command.
The +2 sling "Jemo" {venom, rC+ Str+3} stops dripping with poison.
You feel clever.
The +9 hammer "Vetymil" {venom, Int+8} begins to drip with poison!
h - the +9 hammer "Vetymil" (weapon)
{venom, Int+8} You hit Menkaure.
You destroy Menkaure!
Okawaru accepts your kill.
The centaur unwields a +0 shortbow.
The centaur wields a +0 mace.
The centaur hits you with a +0 mace!
* * * LOW HITPOINT WARNING * * *
The centaur kicks you.
* * * LOW HITPOINT WARNING * * *
You hit the centaur.
The centaur is poisoned.
The centaur is severely wounded.
The centaur hits you with a +0 mace!
* * * LOW HITPOINT WARNING * * *
The centaur kicks you but does no damage.
Unknown command.
You closely miss the centaur.
The centaur is severely wounded.
The centaur hits you with a +0 mace.
You die...

#.# #.# #.# #.#
#.#######.# #>......#.#
....... #..####.#.#
....... ##.####+#.##
....... ####........!#
.....c.
#............##.......
###.##......#.@#{......
#...##......##c#.{.....
#.####......##.........
######......+..........
####..##......###....≈≈≈.
#......#..........≈≈≈≈#≈.
#....).#.......≈≈≈≈#≈≈≈≈.
#......#.......≈#≈≈≈≈#≈≈≈
#.##..#######..≈≈≈#≈≈≈≈#≈


You could see a centaur (very poisoned).

Vanquished Creatures
  Maggie (D:5)
  2 steam dragons (D:6)
  Menkaure (D:7)
  A water moccasin (D:7)
  Duvessa (D:5)
  3 black bears (D:6)
  2 ogres
  A bullfrog (D:6)
  3 scorpions (D:6)
  Dowan (D:5)
  3 killer bees (D:4)
  A human zombie (Ossuary)
  4 hounds
  Crazy Yiuf (D:3)
  A gnoll bouda (D:6)
  A jelly (D:6)
  2 iguanas
  5 ogre zombies (Ossuary)
  8 mummies
  8 gnolls
  9 adders
  2 shadow imps (D:6)
  An ufetubus (D:4)
  2 adder zombies (Ossuary)
  3 worms
  3 dart slugs (D:1)
  3 orcs
  11 ball pythons
  9 endoplasms
  3 giant cockroaches
  5 hobgoblins
  13 kobolds
  5 quokkas
  5 bats
  3 frilled lizards
  7 goblins
  4 goblin zombies (Ossuary)
  4 hobgoblin zombies (Ossuary)
  3 kobold zombies (Ossuary)
  6 quokka zombies (Ossuary)
  5 rats
  5 rat zombies (Ossuary)
161 creatures vanquished.

Vanquished Creatures (others)
  2 fungi (D:3)
  A plant (D:1)
3 creatures vanquished.

Grand Total: 164 creatures vanquished

Notes
Turn   | Place    | Note
-------+----------+-------------------------------------------
     0 | D:1      | xian the Formicid Hunter began the quest for the Orb.
     0 | D:1      | Reached XP level 1. HP: 16/16 MP: 1/1
    31 | D:1      | Reached XP level 2. HP: 13/22 MP: 2/2
   263 | D:1      | Reached XP level 3. HP: 21/28 MP: 3/3
   527 | D:1      | Found a faded altar of an unknown god.
   627 | D:1      | You fall into a shaft and drop 1 floor!
   634 | D:2      | Reached skill level 5 in Ranged Weapons
   660 | D:2      | Reached XP level 4. HP: 34/34 MP: 4/4
   959 | D:2      | Reached skill level 1 in Armour
  1318 | D:2      | Found an iron altar of Okawaru.
  1330 | D:2      | Became a worshipper of Warmaster Okawaru
  1424 | D:3      | Found Qahobb's Weapon Shop.
  1434 | D:3      | Reached XP level 5. HP: 35/39 MP: 5/5
  1554 | D:3      | Found Odurung's General Store.
  1566 | D:3      | Bought a scroll of identify for 20 gold pieces
  1651 | D:3      | Found Ytreicem's General Store.
  1694 | D:3      | Found Othruv's Distillery.
  1701 | D:3      | Bought a potion of degeneration for 11 gold pieces
  1825 | D:3      | Found a bloodstained altar of Trog.
  2157 | D:3      | Found Wudaamp's Antique Weapon Boutique.
  2391 | D:3      | Found a burning altar of Makhleb.
  2391 | D:3      | Noticed a balrug
  2480 | D:3      | Found a runed translucent door.
  2481 | D:3      | Noticed Crazy Yiuf
  2488 | D:3      | Killed Crazy Yiuf
  2489 | D:3      | Reached skill level 6 in Ranged Weapons
  2489 | D:3      | Reached XP level 6. HP: 47/47 MP: 6/6
  2493 | D:3      | Identified the +9 hammer "Vetymil" {venom, Int+8}
  2689 | D:4      | Identified the +2 sling "Jemo" {venom, rC+ Str+3}
  2710 | D:4      | Found a shimmering blue altar of Sif Muna.
  2761 | D:4      | Found a shadowy altar of Dithmenos.
  2998 | D:4      | Found an ornate altar of the Wu Jian Council.
  3053 | D:4      | Reached * piety under Okawaru
  3054 | D:4      | Reached skill level 7 in Ranged Weapons
  3054 | D:4      | Reached XP level 7. HP: 40/52 MP: 7/7
  3278 | D:5      | Entered Level 5 of the Dungeon
  3368 | D:5      | Found a sand-covered staircase.
  3381 | Ossuary  | Entered an ossuary
  4035 | Ossuary  | Reached skill level 8 in Ranged Weapons
  4075 | Ossuary  | Reached XP level 8. HP: 22/60 MP: 8/8
  4544 | D:5      | Found a hazy altar of Hepliaklqana.
  4547 | D:5      | Noticed Dowan
  4560 | D:5      | Killed Dowan
  4561 | D:5      | Noticed Duvessa
  4573 | D:5      | Killed Duvessa
  4888 | D:5      | Found an opulent altar of Gozag.
  5086 | D:5      | Reached ** piety under Okawaru
  5087 | D:5      | Reached skill level 9 in Ranged Weapons
  5354 | D:6      | Noticed Maggie
  5369 | D:5      | Killed Maggie
  5554 | D:6      | Reached skill level 5 in Fighting
  5554 | D:6      | Reached XP level 9. HP: 31/68 MP: 9/9
  5750 | D:6      | Reached skill level 1 in Maces & Flails
  5750 | D:6      | Reached skill level 10 in Ranged Weapons
  5757 | D:6      | Reached *** piety under Okawaru
  6277 | D:6      | Found a staircase to the Ecumenical Temple.
  6415 | D:7      | Reached skill level 11 in Ranged Weapons
  6484 | D:7      | Noticed Menkaure
  6497 | D:7      | Killed Menkaure
  6498 | D:7      | HP: 2/69 [centaur/+0 mace (7)]
  6499 | D:7      | Slain by a centaur

Illustrated notes

Levels and vault maps discovered:
D:1:      grunt_arrival_crossed_arrows, layout_rooms,
          ebering_ecumenical_altar_abandoned, nicolae_grassy_gnolls
D:2:      layout_loops_ring, basic_altar
D:3:      layout_loops_ring, makhleb_altar_promises_db, trog_hazing_becter,
          serial_shops, shop, nicolae_shop_bloodbath_and_beyond, shop_statue,
          nicolae_shop_statue_plus, nicolae_shop_temple_entry_statues_fountains,
          uniq_crazy_yiuf_cottage
D:4:      layout_basic, mainiacjoe_overflow_alcove_1, lemuel_doored_altar,
          overflow_temple_1_default
D:5:      layout_gridville, overflow_temple_1_default, grunt_gozag_breadcrumbs,
          gup_ossuary_entry_pyramid, uniq_duvessa
D:6:      layout_basic, temple_hall, uniq_maggie
D:7:      minmay_recursive_quarters, layout_basic, serial_shops,
          kennysheep_little_box, eino_small_chamber_without_monster,
          minmay_misc_feat_four_crosses, nicolae_lava_and_water, uniq_menkaure

Skill      XL: |  1  2  3  4  5  6  7  8  9 |
---------------+----------------------------+-----
Ranged Weapons | 5 6 7 8 9 11 | 11.1
Armour         | 1 2 3 4 |  4.0
Dodging        | 2 |  2.5
Fighting       | 3 5 |  5.9
Maces & Flails | 1 |  1.4
Stealth        | 2 |  2.2

Action                   |  1- 3 |  4- 6 |  7- 9 || total
-------------------------+-------+-------+-------++-------
Melee: Shortbow          |       |     4 |       ||     4
       Mace              |       |       |     7 ||     7
 Fire: Shortbow          |    55 |   171 |       ||   226
       Sling             |       |    39 |   343 ||   382
 Abil: Dig               |     3 |     4 |     6 ||    13
  Use: Scroll            |       |     7 |     1 ||     8
       Potion            |       |     1 |     2 ||     3
Armor: Leather armour    |     1 |    18 |    15 ||    34
       Ring mail         |       |       |     4 ||     4
       Acid dragon scale |       |       |    11 ||    11
Dodge: Dodged            |     5 |    84 |    67 ||   156
